Map: Ley Lines

Players

星際的黯黑爐石

  • Race: Terran Terran
  • League: Gold
  • Spawn Location: 1:00

llllllllllll - Winner!

  • Race: Terran Terran
  • League: Silver
  • Spawn Location: 7:00

VOD

Have the link to the VOD?

Description

Time

  • Played on: April 24, 2025, 10:01 a.m.
  • Length: 6:25
Show
View Real Time Build Order
Export as new Build Order

星際的黯黑爐石 Terran 

Build Orders: Command Center First 

Get SALT Encoding   

  12  0:00  SCV  
  13  0:15  SCV  
  13  0:21  Supply Depot  
  14  0:27  SCV  
  15  0:42  SCV  
  16  1:02  SCV, Command Center  
  17  1:14  SCV  
  17  1:17  Refinery  
  18  1:22  Refinery  
  18  1:26  SCV  
  19  1:38  SCV, Refinery  
  20  1:48  Barracks  
  19  2:00  SCV, Engineering Bay  
  20  2:12  SCV  
  21  2:24  SCV  
  21  2:38  Marine  
  21  2:41  Planetary Fortress  
  15  2:56  Marine  
  6  3:17  SCV  
  6  3:29  SCV  
  7  3:42  SCV  
  8  3:54  SCV  
  9  4:02  Marine  
  10  4:06  SCV  
  11  4:18  SCV  
  10  4:30  SCV  
  11  4:35  Marine  
Show
View Real Time Build Order
Export as new Build Order

llllllllllll Terran - Winner!

Build Orders:  

Get SALT Encoding   

  12  0:00  SCV  
  13  0:12  SCV  
  14  0:19  Supply Depot  
  14  0:24  SCV  
  15  0:31  Refinery  
  15  0:47  Barracks  
  15  0:59  Barracks  
  15  1:17  Barracks  
  15  1:34  Reaper  
  16  1:46  Reaper  
  16  1:55  Refinery  
  16  2:04  Reaper  
  16  2:05  Orbital Command  
  17  2:11  Reaper  
  18  2:27  Reaper  
  19  2:34  SCV  
  20  2:38  Reaper  
  21  2:45  Reaper  
  21  2:46  SCV  
  23  3:13  Factory  
  23  3:14  SCV  
  24  3:26  SCV  
  25  3:28  Supply Depot  
  25  3:38  SCV  
  26  3:50  SCV  
  27  3:58  Starport  
  27  4:00  Starport  
  27  4:03  SCV  
  28  4:11  Supply Depot  
  28  4:28  SCV  
  29  4:36  Starport Tech Lab  
  29  4:37  Starport Tech Lab  
  29  4:40  SCV  
  30  4:52  SCV  
  31  4:56  Banshee x2  
  31  4:58  Cloaking Field  
  36  5:12  Supply Depot  
  36  5:13  Supply Depot  
  36  5:36  Factory Tech Lab  
  36  5:39  Banshee x2  
Tags
 
Matchup
TvT
Race
Terran
Replay Pack
kreditionep1
Spawn Locations
Cross Positions
Add a new tag
Caveats
  • Supply blocks, unpowered buildings, or Contaminate may cause inaccurate times.
  • Supply counts are checked every 10 seconds.